 Dungeon Crawl Stone Soup version 0.22-a0-247-gbddf880 (webtiles) character file.

455 seren the Gusty (level 7, -1/36 HPs)
             Began as a Tengu Air Elementalist on Feb 26, 2018.
             Shot with an arrow by a centaur (8 damage)
             ... on level 5 of the Dungeon.
             The game lasted 00:30:47 (6487 turns).

seren the Gusty (Tengu Air Elementalist)            Turns: 6487, Time: 00:30:48

Health: -1/36      AC:  3    Str:  9    XL:     7   Next: 5%
Magic:  13/13      EV: 14    Int: 17    God:
Gold:   281        SH:  0    Dex: 14    Spells: 2/12 levels left

rFire    . . .     SeeInvis .   c - +2 short sword (speed)
rCold    . . .     Gourm    .   (no shield)
rNeg     . . .     Faith    .   a - +0 robe
rPois    .         Spirit   .   (helmet restricted)
rElec    .         Reflect  .   (no cloak)
rCorr    .         Harm     .   r - +0 pair of gloves
MR       .....                  (boots unavailable)
Stlth    +++.......             (no amulet)
HPRegen  0.12/turn              (no ring)
MPRegen  0.13/turn              (no ring)

@: sluggish, very slow
A: beak, talons 3, able to fly 1
a: Fly


You were on level 5 of the Dungeon.
You were not hungry.

You visited 1 branch of the dungeon, and saw 5 of its levels.
You also visited: Ossuary.

You collected 281 gold pieces.

Inventory:

Hand Weapons
 c - a +2 short sword of speed (weapon)
Armour
 a - a +0 robe (worn)
 r - a +0 pair of gloves (worn)
 v - a +0 buckler
 x - a +0 leather armour
Jewellery
 h - an uncursed ring of see invisible {unknown}
 o - an uncursed ring of fire {unknown}
Wands
 i - a wand of disintegration (4)
Scrolls
 e - 4 scrolls of teleportation {!r}
 k - 2 scrolls of remove curse {unknown}
 l - a scroll of identify
 m - a scroll of enchant weapon {unknown}
 n - a scroll of fog {unknown}
 p - a scroll of fear {unknown}
 q - a scroll of enchant armour {unknown}
 u - a scroll of immolation {unknown}
 w - a scroll of random uselessness {unknown}
 y - a scroll of magic mapping {unknown}
 A - a scroll of blinking {unknown}
Potions
 d - 2 potions of berserk rage
 f - 2 potions of heal wounds {unknown}
 g - 3 potions of invisibility
 j - 5 potions of mutation {!q}
 s - a potion of brilliance {unknown}
 t - a potion of agility {unknown}
 z - 2 potions of curing {unknown}
Comestibles
 b - 7 rations


   Skills:
 + Level 3.9 Dodging
 + Level 3.9 Stealth
 + Level 3.3 Spellcasting
 + Level 4.1 Conjurations
 * Level 6.0 Air Magic


You had 2 spell levels left.
You knew the following spells:

 Your Spells              Type           Power        Failure   Level  Hunger
a - Shock                 Conj/Air       ###.         1%          1    None
b - Swiftness             Chrm/Air       ##......     8%          2    ##.....
c - Static Discharge      Conj/Air       ###.....     6%          3    ###....
d - Airstrike             Air            ###.......   14%         4    ####...


Dungeon Overview and Level Annotations

Branches:
Dungeon (5/15)
 Temple: D:4-7

Altars:
Dithmenos
Gozag
The Shining One

Annotations:
D:2 exclusion: black bear
D:3 exclusion: upstairs, Enish's ghost, amateur GnNe
D:4 2 transporters, ice beast
D:5 exclusion: skeleton


Innate Abilities, Weirdness & Mutations

You have a beak for a mouth.
You have claws for feet.
You can fly.


Message History

You start to feel a little slower.
An iguana and a centaur come into view.
The centaur shouts!
You hear an angry hiss.
You hear a shout!
The centaur wields a shortbow.
The centaur shoots an arrow.
The arrow misses you.
You feel sluggish.
The centaur shoots an arrow.
The arrow closely misses you.
The centaur drinks a potion.
The centaur seems to speed up.
The centaur shoots an arrow.
The arrow hits you!
* * * LOW HITPOINT WARNING * * *
You hear a shout!
The frilled lizard hisses angrily.
The centaur shoots an arrow.
The arrow closely misses you.
The centaur shoots an arrow.
The arrow hits you.
* * * LOW HITPOINT WARNING * * *
The centaur shoots an arrow.
The arrow misses you.
You see here 3 arrows.
The centaur shoots an arrow.
The arrow misses you.
The centaur shoots an arrow.
The arrow hits you!
You die...

.......#.. .. ..........
.. .#.#.#.# #. .. ..l..(#
..l. .. #.... ##..# ##
#...# ... #
.####...###### #.#
.........(.c(###.########
..###...@###.#...........
..###(.<..##.#.#.......#.
..................O.#.##.
..#........#(..#.#..#..O.
#........#...#.#..####.
.................#'## #.
#.#........##.##.+_+ ...
#.##.......##....#+# ####
#.......######.


You could see a centaur and a frilled lizard.

Vanquished Creatures
  A phantom (D:4)
  A scorpion (D:5)
  A water moccasin skeleton (D:4)
  3 worker ants (D:4)
  An iguana (D:4)
  A gnoll (D:1)
  5 adders
  An ooze (D:2)
  4 worms
  2 dart slugs
  5 leopard geckos
  5 orcs (D:4)
  6 bats
  6 giant cockroaches
  2 gnoll zombies (Ossuary)
  7 goblins
  8 hobgoblins
  6 jackals (D:2)
  6 kobolds
  3 quokkas
  6 frilled lizards
  A gnoll skeleton (Ossuary)
  3 goblin skeletons (Ossuary)
  A goblin zombie (Ossuary)
  A hobgoblin skeleton (Ossuary)
  4 hobgoblin zombies (Ossuary)
  A kobold zombie (Ossuary)
  An orc skeleton (Ossuary)
  2 orc zombies (Ossuary)
  6 rats
  2 rat skeletons (Ossuary)
  4 rat zombies (Ossuary)
106 creatures vanquished.

Vanquished Creatures (others)
  Menkaure (Ossuary)
  3 mummies (Ossuary)
  A gnoll zombie (Ossuary)
  3 gnoll skeletons (Ossuary)
  2 goblin skeletons (Ossuary)
  3 goblin zombies (Ossuary)
  3 hobgoblin skeletons (Ossuary)
  2 hobgoblin zombies (Ossuary)
  2 kobold skeletons (Ossuary)
  2 orc skeletons (Ossuary)
  2 orc zombies (Ossuary)
  5 rat skeletons (Ossuary)
  3 rat zombies (Ossuary)
32 creatures vanquished.

Grand Total: 138 creatures vanquished

Notes
Turn   | Place    | Note
-------+----------+-------------------------------------------
     0 | D:1      | seren the Tengu Air Elementalist began the quest for the Orb.
     0 | D:1      | Reached XP level 1. HP: 10/10 MP: 4/4
   219 | D:1      | Reached XP level 2. HP: 15/15 MP: 4/6
   465 | D:1      | Learned a level 2 spell: Swiftness
   750 | D:1      | Reached XP level 3. HP: 10/19 MP: 0/7
  1482 | D:2      | Noticed a black bear
  1685 | D:2      | Reached XP level 4. HP: 24/24 MP: 4/8
  2408 | D:2      | Found an opulent altar of Gozag.
  2712 | D:3      | Learned a level 3 spell: Static Discharge
  2826 | D:3      | Gained mutation: You can fly. [Tengu growth]
  2826 | D:3      | Reached XP level 5. HP: 28/28 MP: 2/10
  3074 | D:3      | Noticed Enish's ghost (amateur GnNe)
  3358 | D:4      | Found a transporter.
  3608 | D:4      | Reached skill level 5 in Air Magic
  3900 | D:4      | Noticed a phantom
  3979 | D:4      | Killed a phantom
  3979 | D:4      | Reached XP level 6. HP: 12/32 MP: 2/11
  4032 | D:4      | Found a sand-covered staircase.
  4042 | Ossuary  | Entered an ossuary
  4260 | Ossuary  | Learned a level 4 spell: Airstrike
  4817 | Ossuary  | Killed Menkaure
  5290 | D:4      | Noticed an ice beast
  5565 | D:4      | Found a transporter.
  6200 | D:5      | Entered Level 5 of the Dungeon
  6244 | D:5      | Found a glowing golden altar of the Shining One.
  6293 | D:5      | Reached skill level 6 in Air Magic
  6293 | D:5      | Reached XP level 7. HP: 34/36 MP: 4/13
  6388 | D:5      | Found a shadowy altar of Dithmenos.
  6487 | D:5      | Shot with an arrow by a centaur

Vault maps used:
D:1:      grunt_arrival_crossed_arrows, minmay_pentomino_q2
D:2:      marbit_many_paths, first_ration, kennysheep_decorative_pillar
D:3:      lemuel_crystal_altar
D:4:      gammafunk_wand_slinger, lemuel_crystal_altar,
          chequers_ossuary_entry_cave
D:5:      lemuel_crystal_altar, kennysheep_mini, kennysheep_little_box,
          minmay_temple_entry_glass, doesnt_xom_only_xom
Ossuary:  ossuary_due_pyramid

Skill      XL: |  1  2  3  4  5  6 |
---------------+-------------------+-----
Conjurations   | 2 3 4 |  4.1
Dodging        | 3 |  3.9
Stealth        | 3 |  3.9
Air Magic      | 5 6 |  6.0
Spellcasting   | 3 |  3.3

Action                   |  1- 3 |  4- 6 |  7- 9 || total
-------------------------+-------+-------+-------++-------
Melee: Unarmed           |     2 |       |       ||     2
       Dagger            |       |     6 |       ||     6
       Kick              |       |     2 |     1 ||     3
       Short sword       |       |     3 |     2 ||     5
 Cast: Shock             |    72 |   163 |     1 ||   236
       Static Discharge  |       |    15 |     1 ||    16
       Swiftness         |       |       |     1 ||     1
Evoke: Wand              |       |     7 |       ||     7
  Use: Scroll            |       |     4 |       ||     4
       Potion            |       |     1 |       ||     1
 Stab: Sleeping          |       |     2 |       ||     2
  Eat: Chunk             |     3 |    13 |     1 ||    17
       Ration            |       |     1 |       ||     1
Armor: Robe              |     3 |     7 |       ||    10
Dodge: Dodged            |    20 |    29 |     6 ||    55

Table legend:
 A = Spawn XP
 B = Non-spawn XP
 C = Spawn XP percentage of total XP
 D = Spawn monster count
 E = Non-spawn monster count
 F = Spawn count percentage of total count
 G = Total turns spent on level
                    A         B        C        D         E        F      G
               +---------+---------+-------+---------+---------+-------+---------
         Total |       0 |     651 |   0.0 |       0 |     106 |   0.0 |  6487
               +---------+---------+-------+---------+---------+-------+---------
           D:1 |       0 |      46 |   0.0 |       0 |      16 |   0.0 |  1118
           D:2 |       0 |      81 |   0.0 |       0 |      34 |   0.0 |  1483
           D:3 |       0 |      64 |   0.0 |       0 |      15 |   0.0 |   745
           D:4 |       0 |     364 |   0.0 |       0 |      15 |   0.0 |  1652
           D:5 |       0 |      73 |   0.0 |       0 |       4 |   0.0 |   287
       Ossuary |       0 |      23 |   0.0 |       0 |      22 |   0.0 |  1202
               +---------+---------+-------+---------+---------+-------+---------
